 Dungeon Crawl Stone Soup version 0.24.1 (webtiles) character file.

Game seed: 7570562153457969071, levelgen mode: deterministic

1406 Curus the Schismatic (level 8, -3/58 HPs)
             Began as a Demonspawn Abyssal Knight on Mar 28, 2020.
             Was an Elder of Lugonu.
             Slain by a hornet zombie (8 damage)
             ... on level 7 of the Dungeon.
             The game lasted 00:22:19 (5876 turns).

Curus the Schismatic (Demonspawn Abyssal Knight)    Turns: 5876, Time: 00:22:19

Health: -3/58      AC: 11    Str: 13    XL:     8   Next: 42%
Magic:  0/15       EV: 11    Int: 14    God:    Lugonu [****..]
Gold:   276        SH:  0    Dex: 14    Spells: 7/7 levels left

rFire    + . .     SeeInvis .   t - +0 trident
rCold    + . .     Gourm    .   (no shield)
rNeg     . . .     Faith    .   b - +3 leather armour
rPois    +         Spirit   +   (helmet restricted)
rElec    .         Reflect  .   j - scarf {rC+ rF+}
rCorr    .         Harm     .   (no gloves)
MR       .....                  (no boots)
Stlth    +.........             (no amulet)
HPRegen  0.19/turn              h - ring of poison resistance
MPRegen  0.28/turn              e - +3 ring of protection

@: no status effects
A: antennae 2, yellow scales 1, magic shield, magic regeneration
a: Depart the Abyss, Bend Space, Banish, Corrupt, Renounce Religion


You were on level 7 of the Dungeon.
You worshipped Lugonu.
Lugonu was greatly pleased with you.
You were not hungry.

You visited 1 branch of the dungeon, and saw 7 of its levels.
You visited the Abyss 1 time.

You collected 276 gold pieces.

Inventory:

Hand Weapons
 a - a +3 spear
 t - a +0 trident (weapon)
Armour
 b - a +3 leather armour (worn)
 j - a scarf of resistance (worn)
 l - a scarf of spirit shield
Jewellery
 d - an uncursed ring of magical power
 e - a +3 ring of protection (right hand)
 h - a ring of poison resistance (left hand)
 r - an uncursed ring of ice
Wands
 k - a wand of polymorph (7)
Scrolls
 f - 7 scrolls of teleportation
 i - 2 scrolls of noise
 m - 3 scrolls of magic mapping
 o - 2 scrolls of remove curse
 p - a scroll of amnesia
 q - 2 scrolls of identify
 s - a scroll of fear
 u - a scroll of fog
Potions
 n - a potion of curing
Comestibles
 c - 11 rations
 v - a chunk of flesh


   Skills:
 - Level 3.0 Fighting
 * Level 7.3 Polearms
 - Level 1.7 Armour
 - Level 0.8 Dodging
 + Level 9.4 Invocations


You had 7 spell levels left.
You didn't know any spells.
Your spell library contained the following spells:

 Spells                   Type           Power        Failure   Level  Hunger
 Magic Dart               Conj           #...         36%         1    ##.....
 Blink                    Tloc           N/A          50%         2    ###....
 Call Imp                 Summ           #.......     50%         2    ###....
 Slow                     Hex            #.......     50%         2    ###....
 Conjure Flame            Conj/Fire      #.......     73%         3    ####...
 Mephitic Cloud           Conj/Pois/Air  #.......     73%         3    ####...


Dungeon Overview and Level Annotations

Branches:
Dungeon (7/15)             Temple (0/1) D:6

Altars:
Ashenzari
Elyvilon
Fedhas
Makhleb
Sif Muna
Uskayaw
Xom
Yredelemnul
The Shining One


Innate Abilities, Weirdness & Mutations

You have a pair of antennae on your head.
You are partially covered in yellow scales. (AC +2)
When hurt, damage is shared between your health and your magic reserves.
You regenerate magic rapidly.


Message History

An orc comes into view. It is wielding a +0 club.
The orc shouts!
You hit the hornet zombie but do no damage.
The hornet zombie is severely damaged.
The hornet zombie barely misses you. The hornet zombie misses you.
You barely miss the hornet zombie.
The hornet zombie is severely damaged.
The hornet zombie hits you but does no damage.
You hit the hornet zombie.
The hornet zombie is severely damaged.
The hornet zombie closely misses you.
You puncture the hornet zombie!
The hornet zombie is almost destroyed.
The hornet zombie barely misses you.
You puncture the hornet zombie!
The hornet zombie is almost destroyed.
The hornet zombie hits you!
* * * LOW HITPOINT WARNING * * *
The hornet zombie hits you!
You die...

...##....##. ...
...##....##. #. ..
#..##....##. #.##'###
#..##....##. #......#
#...+....... #.....#
#..########.
#.....####+##..##....##.
.##....Z##.............#..
..'...ocZ@...##..##....'..
.#....c##..#######....#..
#>...(##### #......##.
####.÷?# { #......###
#.{...#..# #.........
#.....###..÷ #.........
#.....# #####.........
........ ##..........
....##### ##...........


You could see 2 centaurs, an orc, a wyvern zombie and a hornet zombie.

Vanquished Creatures
  A sky beast (D:5)
  An ice beast (D:6)
  2 centaurs
  An ogre (D:6)
  Blork the orc (D:5)
  A bullfrog (D:7)
  A howler monkey (D:6)
  A bullfrog zombie (D:4)
  2 crimson imps
  2 hounds
  2 orc priests
  2 orc wizards
  An iguana (D:4)
  2 worker ants
  Natasha (twice) (D:2)
  3 hound skeletons
  A worker ant zombie (D:5)
  4 gnolls (D:5)
  9 adders
  3 oozes
  2 adder skeletons (D:5)
  2 worms
  3 dart slugs (D:2)
  4 leopard geckos
  18 orcs
  8 giant cockroaches
  5 goblins
  10 hobgoblins
  8 jackals
  7 kobolds
  5 quokkas
  3 ball pythons (D:4)
  9 bats
  3 frilled lizards
  2 leopard gecko skeletons (D:4)
  11 rats
  A plant (D:4)
143 creatures vanquished.

Vanquished Creatures (others)
  An ogre (D:4)
  A jelly (D:5)
  6 plants (D:7)
8 creatures vanquished.

Grand Total: 151 creatures vanquished

Notes
Turn   | Place    | Note
-------+----------+-------------------------------------------
     0 | Abyss:1  | Curus the Demonspawn Abyssal Knight began the quest for the
                  | Orb.
     0 | Abyss:1  | Reached XP level 1. HP: 18/18 MP: 2/2
     9 | Abyss:1  | Found a corrupted altar of Lugonu.
    18 | D:1      | Escaped the Abyss
   126 | D:1      | Reached skill level 3 in Invocations
   127 | D:1      | Gained mutation: When hurt, damage is shared between your
                  | health and your magic reserves. [demonic ancestry]
   127 | D:1      | Reached XP level 2. HP: 8/24 MP: 4/4
   536 | D:1      | Reached ** piety under Lugonu
   603 | D:1      | Found a glowing golden altar of the Shining One.
   958 | D:2      | Gained mutation: You have a pair of small antennae on your
                  | head. [demonic ancestry]
   958 | D:2      | Reached XP level 3. HP: 29/29 MP: 5/5
  1107 | D:2      | Reached skill level 4 in Invocations
  1311 | D:2      | Reached XP level 4. HP: 32/35 MP: 7/7
  1476 | D:2      | Found a shimmering altar of Xom.
  1498 | D:2      | Noticed Natasha
  1508 | D:2      | Killed Natasha
  1669 | D:2      | Found a blossoming altar of Fedhas.
  1816 | D:2      | Noticed Natasha
  1833 | D:2      | Killed Natasha
  1833 | D:2      | Reached skill level 5 in Invocations
  1971 | D:3      | Gained mutation: You are partially covered in yellow
                  | scales. (AC +2) [demonic ancestry]
  1971 | D:3      | Reached XP level 5. HP: 41/41 MP: 8/8
  2015 | D:3      | Reached *** piety under Lugonu
  2034 | D:3      | Found a hide-covered altar of Uskayaw.
  2150 | D:3      | Found a faded altar of an unknown god.
  2660 | D:4      | Reached skill level 6 in Invocations
  2717 | D:4      | Noticed an ogre
  2737 | D:4      | Banished an ogre
  2737 | D:4      | Gained mutation: You regenerate magic rapidly. [demonic
                  | ancestry]
  2737 | D:4      | Reached XP level 6. HP: 9/47 MP: 4/10
  3205 | D:4      | Found a basalt altar of Yredelemnul.
  3268 | D:4      | Found a white marble altar of Elyvilon.
  3342 | D:4      | Found a shimmering blue altar of Sif Muna.
  3919 | D:5      | Entered Level 5 of the Dungeon
  3929 | D:5      | Noticed Blork the orc
  3945 | D:5      | Killed Blork the orc
  3945 | D:5      | Reached skill level 5 in Polearms
  3945 | D:5      | Reached skill level 7 in Invocations
  3961 | D:5      | Noticed Sigmund
  3971 | D:5      | Noticed Sigmund
  3971 | D:5      | Sigmund changed into Sigmund the jelly
  3977 | D:5      | Banished Sigmund the jelly
  3977 | D:5      | Gained mutation: You have a pair of antennae on your head.
                  | [demonic ancestry]
  3977 | D:5      | Reached XP level 7. HP: 16/52 MP: 5/12
  4368 | D:5      | Reached skill level 8 in Invocations
  4393 | D:5      | Found a shattered altar of Ashenzari.
  4838 | D:6      | Reached **** piety under Lugonu
  4958 | D:6      | Found a staircase to the Ecumenical Temple.
  4994 | D:6      | Reached XP level 8. HP: 40/58 MP: 9/14
  5504 | D:7      | Found a burning altar of Makhleb.
  5547 | D:7      | Reached skill level 9 in Invocations
  5876 | D:7      | Slain by a hornet zombie

Levels and vault maps discovered:
D:1:      lightli_iron_boxes, layout_loops_ring, minmay_statues_item,
          kennysheep_small_spiral, tso_altar
D:2:      layout_basic, old_standard_altar, fedhas_altar_4, uniq_natasha
D:3:      layout_rooms, lemuel_crystal_altar, chequers_ecumenical_altar_grove,
          minmay_ruptured
D:4:      layout_rooms, marbit_many_paths, kennysheep_ying_yang, first_ration,
          saegor_snake_ambush
D:5:      layout_rooms, nicolae_overflow_crystal_walls, roderic_lattice_a,
          uniq_blork_the_orc, uniq_sigmund
D:6:      layout_basic, minmay_temple_entry_stoned_glass
D:7:      layout_gridville, makhleb_grotto_becter, grunt_ogre_cave,
          serial_bayou_lagoon_a, nicolae_dithmenos_the_darkroom, uniq_duvessa

Skill      XL: |  1  2  3  4  5  6  7  8 |
---------------+-------------------------+-----
Polearms       | 2 3 4 5 6 7 |  7.3
Invocations    | 3 4 5 6 7 8 9 |  9.4
Fighting       | |  3.0
Armour         | |  1.7
Dodging        | |  0.8

Action                   |  1- 3 |  4- 6 |  7- 9 || total
-------------------------+-------+-------+-------++-------
Melee: Spear             |   127 |   400 |    81 ||   608
       Trident           |       |       |   199 ||   199
Invok: Banish            |       |     1 |     1 ||     2
Evoke: Wand              |       |     1 |       ||     1
  Use: Scroll            |     5 |     9 |     3 ||    17
       Potion            |     1 |     3 |     3 ||     7
 Stab: Sleeping          |       |     1 |     1 ||     2
  Eat: Chunk             |     1 |     6 |     7 ||    14
       Ration            |       |     1 |       ||     1
Armor: Leather armour    |    42 |   157 |   116 ||   315
Dodge: Dodged            |    62 |   190 |   136 ||   388
